AoeStats
← 西溪梨

Arabia

512865530Analyzed
1v1 RM · 6d ago on Oct 11, 2026· 45m 36s· 2 players
Game mode
Random Map
Map size
Tiny (2 player)
Population
200
Speed
Normal
Resources
Standard
Victory
Conquest
Starting age
Dark Age
Ending age
Imperial Age
RankedLock teamsTeams togetherTeam positionsShared explorationLock speedFull tech treeHidden civsTurbo modeCheats
Victory
Defeat
🇨🇭 Georgians · Switzerland
1899
+14
vs
🇨🇳 Muisca · China
1860
-14
西溪梨
6:29 Loom
9:03 Feudal Age
9:37 Double-Bit Axe
14:16 Champi Runner
15:55 Fletching
16:42 Padded Archer Armor
18:18 Forging
23:54 Castle Age
22:23 Scale Mail Armor
23:55 Champi Warrior
24:39 Squires
24:59 Chain Mail Armor
27:48 Bodkin Arrow
28:24 Ballistics
30:33 Leather Archer Armor
31:52 Bow Saw
36:09 Horse Collar
41:06 Imperial Age
42:44 Plate Mail Armor
42:49 Iron Casting
Wingardium Leviosa
7:41 Loom
9:53 Feudal Age
11:25 Double-Bit Axe
15:38 Fletching
22:24 Castle Age
20:42 Horse Collar
21:40 Bloodlines
23:00 Bodkin Arrow
22:27 Crossbowman
23:27 Husbandry
24:18 Bow Saw
26:36 Padded Archer Armor
27:20 Wheelbarrow
28:08 Leather Archer Armor
28:21 Heavy Plow
30:28 Ballistics
30:47 Scale Barding Armor
32:41 Hand Cart
33:25 Chain Barding Armor
33:15 Forging
34:18 Town Watch
37:52 Imperial Age
36:17 Gold Mining
36:17 Stone Mining
37:36 Svan Towers
38:12 Iron Casting
38:17 Stone Shaft Mining
38:18 Guard Tower
39:04 Conscription
38:54 Bracer
39:35 Plate Barding Armor
40:17 Light Cavalry
42:00 Blast Furnace
41:40 Elite Monaspa
44:00 Hoardings
43:42 Masonry
44:33 Chemistry
46:29 Keep
45:40 Arrowslits
Connection lost

Rejoining the realm…

Still unreachable

The connection could not be restored.

Session expired

The server has moved on; the page needs a fresh start.